 Dungeon Crawl Stone Soup version 0.31-a0-986-g5e6e4ef867 (webtiles) character file.

Game seed: 13374444086604998580

115 SigmundSlayer the Slasher (level 4, -5/38 HPs)
             Began as a Demigod Gladiator on Nov 3, 2023.
             Slain by Duvessa
             ... wielding a +3 rapier of electrocution
              (13 damage)
             ... on level 4 of the Dungeon.
             The game lasted 00:04:36 (2307 turns).

SigmundSlayer the Slasher (Demigod Gladiator)       Turns: 2307, Time: 00:04:37

Health: -5/38      AC:  3    Str: 15    XL:     4   Next: 41%
Magic:  6/6        EV: 13    Int: 10    God:
Gold:   92         SH:  0    Dex: 19    Spells: 3/3 levels left

rFire   + . .        a - +0 long sword
rCold   . . .        (no shield)
rNeg    . . .        k - +0 toga "Victory" {*Victory Clar}
rPois   .            c - +0 helmet
rElec   .            (no cloak)
rCorr   .            (no gloves)
SInv    .            (no boots)
Will    .....        (no amulet)
Stlth   ++           o - ring of protection from fire
HPRegen 0.26/turn    (no ring)
MPRegen 0.10/turn

%: clarity
@: no status effects
A: high MP 1, forlorn, divine attributes
a: no special abilities


You were on level 4 of the Dungeon.
You visited 1 branch of the dungeon, and saw 4 of its levels.

You collected 92 gold pieces.

Inventory:

Hand Weapons
 a - a +0 long sword (weapon)
Missiles
 d - 3 throwing nets
 e - a javelin
 p - 4 poisoned darts
 q - 4 boomerangs (quivered)
Armour
 c - a +0 helmet (worn)
 k - the +0 toga "Victory" (worn) {*Victory Clar}
   (You found it on level 2 of the Dungeon)

   *Victory:  When the wearer kills a threatening monster, it has a chance to
   gain +1 AC, +1 Slay, and +1 Int, capping at +7.
   When the wearer uses a scroll or a potion with a hostile monster in sight,
   its bonuses reset to +0.
   Unequipping it also resets its bonuses to +0.
   Clar:      It protects you from confusion, rage, mesmerisation and fear.
Jewellery
 o - a ring of protection from fire (left hand)
Scrolls
 b - 2 scrolls of identify {unknown}
 f - 3 scrolls of revelation {unknown}
 g - 2 scrolls of teleportation {unknown}
 h - a scroll of vulnerability {unknown}
 i - a scroll of brand weapon {unknown}
 j - 3 scrolls of fog {unknown}
 n - a scroll of fear {unknown}
Potions
 m - a potion of curing
 r - a potion of enlightenment {unknown}


   Skills:
 - Level 3.0 Fighting
 + Level 3.4 Long Blades
 - Level 1.7 Throwing
 - Level 2.0 Armour
 - Level 3.0 Dodging


You had 3 spell levels left.
You didn't know any spells.
Your spell library contained the following spells:

 Spells                   Type           Power      Damage    Failure   Level
 Ozocubu's Armour         Ice            0%         N/A       75%         3
 Tukima's Dance           Hex            0%         N/A       75%         3
 Dimensional Bullseye     Hex/Tloc       0%         N/A       98%         4
 Iskenderun's Mystic Bla  Conj/Tloc      0%         2d3       98%         4
 Ozocubu's Refrigeration  Ice            0%         4d7       100%        7


Dungeon Overview and Level Annotations

Branches:
Dungeon (4/15)
 Temple: D:4-7

Annotations:
D:4 Dowan, Duvessa


Innate Abilities, Weirdness & Mutations

You have an increased reservoir of magic. (+10% MP)
You shall have no god before yourself.
Your divine heritage dramatically boosts your attributes as you level up.


Message History

You are poisoned.
The adder poisons you!
You miss the adder.
The adder is lightly wounded.
You feel sick.
Dowan shouts!
The adder misses you. The adder bites you.
You barely miss the adder.
The adder is lightly wounded.
You feel sick. The adder bites you.
You are more poisoned.
The adder poisons you!
Duvessa says, "When magic and the sword combine, nothing stands against them."
The adder bites you.
You feel sick.
There is an open door here.
You feel sick.
Okay, then.
Unknown command.
Okay, then.
You barely miss the adder.
The adder is lightly wounded.
You feel sick. The adder bites you.
You are more poisoned.
The adder poisons you! The adder bites you.
You are lethally poisoned!
The adder poisons you!
It was a potion of magic.
Magic courses through your body.
The +0 toga "Victory" stops glowing.
* * * LOW HITPOINT WARNING * * *
You feel very sick.
It was a potion of curing.
You feel better.
You barely miss Duvessa.
Duvessa hits you with a +3 rapier of electrocution.
Duvessa hits you with a +3 rapier of electrocution!
* * * LOW HITPOINT WARNING * * *
You slash Duvessa!
Duvessa is moderately wounded.
Duvessa hits you with a +3 rapier of electrocution!
You die...

#######.########
................
.#####...#.###.#
.#####.....#
..........##
.###.#...##
#.#..######.# #
#.........#
##@########
##e## #.Se#
#.....#
#.......#
#.........#
+.........+
#.........#
##.......##


You could see Duvessa, Dowan and an adder.

Vanquished Creatures
  An iguana (D:4)
  An adder (D:4)
  3 worms
  2 dart slugs
  4 orcs (D:3)
  5 ball pythons
  6 endoplasms
  A giant cockroach (D:2)
  6 goblins
  10 hobgoblins
  A quokka (D:2)
  5 bats
  4 frilled lizards
  5 kobolds
  5 rats
59 creatures vanquished.

Notes
Turn   | Place    | Note
-------+----------+-------------------------------------------
     0 | D:1      | SigmundSlayer the Demigod Gladiator began the quest for the
                  | Orb.
     0 | D:1      | Reached XP level 1. HP: 17/17 MP: 3/3
   388 | D:1      | Reached XP level 2. HP: 24/24 MP: 4/4
   422 | D:1      | Reached skill level 1 in Armour
   779 | D:2      | Reached XP level 3. HP: 29/29 MP: 5/5
   900 | D:2      | Found the +0 toga "Victory" {*Victory Clar}
  2191 | D:4      | Reached XP level 4. HP: 38/38 MP: 6/6
  2296 | D:4      | Noticed Duvessa
  2297 | D:4      | Noticed Dowan
  2307 | D:4      | Slain by Duvessa

Illustrated notes

Levels and vault maps discovered:
D:1:      amcnicky_arrival_wind_blow, layout_rooms,
          hangedman_abyss_or_decor_stabs
D:2:      layout_loops_corners
D:3:      minmay_razor_zed, layout_loops_cross,
          nicolae_yredelemnul_corpse_copse, mainiacjoe_overflow_alcove_4,
          nicolae_grassy_gnolls, uniq_crazy_yiuf_cottage, uniq_natasha
D:4:      layout_loops_corners, nemelex_xobeh_ov_fountains_minmay,
          minmay_box_of_dots, uniq_duvessa, uniq_menkaure

Skill      XL: |  1  2  3 |
---------------+----------+-----
Fighting       | 2 3 |  3.0
Long Blades    | 3 |  3.4
Dodging        | 3 |  3.0
Armour         | 1 2 |  2.0
Throwing       | |  1.7

Action                     |  1- 3 |  4- 6 || total
---------------------------+-------+-------++-------
  Melee: Long sword        |   162 |    17 ||   179
         Punch             |     1 |       ||     1
    Use: Potion            |       |     2 ||     2
   Stab: Sleeping          |     1 |     1 ||     2
 Armour: Ring mail         |    47 |       ||    47
         Leather armour    |     7 |       ||     7
         Robe              |    38 |    16 ||    54
  Dodge: Dodged            |   134 |     7 ||   141

Table legend: (Time is in decaauts)
 A = Elapsed time spent in this place.
 B = Non-inter-level travel time spent in this place.
 C = Inter-level travel time spent in this place.
 D = Time resting spent in this place.
 E = Time spent auto-exploring this place.
 F = Levels seen in this place.
 G = Mean time per level.
                   A        B        C        D        E       F      G
               +--------+--------+--------+--------+--------+-----+--------+
         Total |   2349 |   2241 |    108 |    166 |   1618 |   4 |  587.2 |
       Dungeon |   2349 |   2241 |    108 |    166 |   1618 |   4 |  587.2 |
               +--------+--------+--------+--------+--------+-----+--------+

Top non-repeatable levels by time:
     D:2: 939 daAuts
     D:3: 679 daAuts
     D:1: 600 daAuts
     D:4: 129 daAuts
